 Dungeon Crawl Stone Soup version 0.29-a0-1065-g47a6bb87d6 (webtiles) character file.

Game seed: 11547002803969914726

906 xian the Shield-Bearer (level 7, 0/71 HPs)
             Began as a Troll Fighter on Aug 19, 2022.
             Was a Follower of Wu Jian.
             Slain by a water moccasin (6 damage)
             ... on level 5 of the Dungeon.
             The game lasted 00:11:02 (3397 turns).

xian the Shield-Bearer (Troll Fighter)              Turns: 3397, Time: 00:11:02

Health: 0/71       AC:  6    Str: 27    XL:     7   Next: 81%
Magic:  6/6        EV: 10    Int:  4    God:    Wu Jian [*.....]
Gold:   275        SH:  0    Dex:  9    Spells: 6/6 levels left

rFire   . . .      SeeInvis .   B - +0 giant spiked club
rCold   . . .      Faith    .   (shield currently unavailable)
rNeg    . . .      Spirit   .   p - +1 robe {Will+}
rPois   .          Reflect  .   (helmet restricted)
rElec   .          Harm     .   y - +0 cloak {Will+}
rCorr   .          Rampage  .   (gloves unavailable)
Will    ++...                   (boots unavailable)
Stlth   +.........              e - amulet of regeneration
HPRegen 1.81/turn               (no ring)
MPRegen 0.10/turn               (no ring)

@: lethally poisoned (0 -> 0)
A: large, unfitting armour, claws 3, regeneration 1, shaggy fur 1, tough skin 1
a: Renounce Religion


You were on level 5 of the Dungeon.
You worshipped Wu Jian.
Wu Jian was aware of your devotion.
You visited 1 branch of the dungeon, and saw 5 of its levels.

You collected 275 gold pieces.

Inventory:

Hand Weapons
 h - a +2 short sword of venom
 x - a +3 quarterstaff of chaos
 B - a +0 giant spiked club (weapon)
Missiles
 i - 14 poisoned darts (quivered)
 j - 4 javelins
Armour
 b - a +0 kite shield
 p - a +1 robe of willpower (worn)
 y - a +0 cloak of willpower (worn)
Jewellery
 e - an amulet of regeneration (around neck)
Wands
 o - a wand of mindburst (19)
 w - a wand of flame (6)
Scrolls
 a - a scroll of noise {unknown}
 d - a scroll of blinking {unknown}
 f - 2 scrolls of enchant armour {unknown}
 k - a scroll of brand weapon {unknown}
 l - a scroll of vulnerability {unknown}
 m - a scroll of magic mapping {unknown}
 n - a scroll of identify {unknown}
 r - 3 scrolls of poison {unknown}
 t - 2 scrolls of teleportation {unknown}
 A - a scroll of silence {unknown}
Potions
 c - a potion of might
 g - a potion of magic {unknown}
 q - a potion of curing
 s - a potion of cancellation {unknown}
 u - a potion of haste {unknown}
 v - a potion of invisibility {unknown}
 z - a potion of berserk rage {unknown}


   Skills:
 + Level 4.3 Fighting
 * Level 3.2 Throwing
 + Level 4.7 Dodging
 + Level 4.9 Shields
 - Level 2.0 Unarmed Combat


You had 6 spell levels left.
You didn't know any spells.
Your spell library contained the following spells:

 Spells                   Type           Power      Damage    Failure   Level
 Summon Small Mammal      Summ           0%         N/A       50%         1
 Sublimation of Blood     Necr           0%         N/A       65%         2
 Call Canine Familiar     Summ           0%         N/A       86%         3
 Summon Guardian Golem    Hex/Summ       0%         N/A       86%         3
 Animate Armour           Summ/Erth      0%         N/A       99%         4
 Petrify                  Tmut/Erth      0%         N/A       99%         4
 Alistair's Intoxication  Tmut/Pois      0%         N/A       100%        5
 Blade Hands              Tmut           0%         N/A       100%        5
 Borgnjor's Vile Clutch   Necr/Erth      0%         N/A       100%        5
 Irradiate                Conj/Tmut      0%         3d11      100%        5
 Eringya's Noxious Bog    Tmut/Pois      0%         N/A       100%        6
 Iron Shot                Conj/Erth      0%         9d1       100%        6


Dungeon Overview and Level Annotations

Branches:
Dungeon (5/15)             Temple (0/1) D:4

Altars:
Wu Jian
Xom


Innate Abilities, Weirdness & Mutations

You are too large for most types of armour.
You have claws for hands.
Your natural rate of healing is unusually fast.
You are covered in fur. (AC +1)
You have tough skin. (AC +1)


Message History

Unknown command.
The water moccasin barely misses you. The water moccasin bites you!
* * * LOW HITPOINT WARNING * * *
The water moccasin attacks as you move away!
The water moccasin barely misses you.
You see here a worm corpse.
The water moccasin closely misses you.
You miss the water moccasin. The water moccasin bites you.
The water moccasin bites you!
* * * LOW HITPOINT WARNING * * *
You are poisoned.
The water moccasin poisons you! The water moccasin bites you.
* * * LOW HITPOINT WARNING * * *
You are lethally poisoned!
The water moccasin poisons you!
You feel better. The water moccasin bites you.
* * * LOW HITPOINT WARNING * * *
You are poisoned.
The water moccasin poisons you!
You feel very sick. The water moccasin barely misses you.
The water moccasin attacks as you move away!
The water moccasin closely misses you.
You feel sick.
You feel sick.
The water moccasin attacks as you move away!
The water moccasin bites you.
* * * LOW HITPOINT WARNING * * *
You are more poisoned.
The water moccasin poisons you!
You feel very sick.
The water moccasin bites you but does no damage.
The water moccasin attacks as you move away!
The water moccasin bites you but does no damage.
You feel very sick.
You feel sick. The water moccasin misses you.
You feel sick.
You feel sick.
You feel sick. The water moccasin bites you.
You die...

#.#........+ ..#....#
...........# #.#....#
#.#........# #.#....#
##.#........# #.#....#
...#........##+# #.#....#
...#........##.# #.#....#
##.#........##.# #.#....#
##....#####.##.#######......#####
#...†..........S@................
..######.#############.##########
.......#.# #.#.........
#.####.#.# #.#.####.### #.# #.#
#.# #.#.. #.# #.# #.# #.#.# #.#
... ... #.#.. #.# ###
########.### #.. ............


You could see a water moccasin.

Vanquished Creatures
  Sigmund (D:3)
  A sky beast (D:4)
  An ice beast (D:5)
  An ogre (D:5)
  A necrophage (D:4)
  A gnoll sergeant (D:4)
  Crazy Yiuf (D:3)
  A hound (D:4)
  An orc priest (D:4)
  An iguana (D:4)
  3 orc wizards (D:4)
  4 gnolls (D:4)
  4 adders
  2 worms
  2 dart slugs (D:1)
  6 orcs
  4 ball pythons
  5 bats
  6 endoplasms
  2 giant cockroaches
  8 goblins
  10 hobgoblins
  2 jackals (D:1)
  3 quokkas
  2 frilled lizards
  9 kobolds
  20 rats
102 creatures vanquished.

Notes
Turn   | Place    | Note
-------+----------+-------------------------------------------
     0 | D:1      | xian the Troll Fighter began the quest for the Orb.
     0 | D:1      | Reached XP level 1. HP: 22/22 MP: 0/0
    85 | D:1      | Reached XP level 2. HP: 28/29 MP: 1/1
   337 | D:1      | Found a faded altar of an unknown god.
   657 | D:2      | Reached XP level 3. HP: 35/36 MP: 2/2
  1217 | D:2      | Reached XP level 4. HP: 44/44 MP: 3/3
  1236 | D:2      | Reached skill level 1 in Throwing
  1599 | D:3      | Found a shimmering altar of Xom.
  1872 | D:3      | Found a runed translucent door.
  1873 | D:3      | Noticed Crazy Yiuf
  1967 | D:3      | Found an ornate altar of the Wu Jian Council.
  1976 | D:3      | Became a worshipper of the Wu Jian Council
  2014 | D:3      | Noticed Sigmund
  2024 | D:3      | Killed Sigmund
  2025 | D:3      | Reached XP level 5. HP: 48/53 MP: 4/4
  2188 | D:3      | Killed Crazy Yiuf
  2189 | D:3      | Reached XP level 6. HP: 31/61 MP: 0/5
  2452 | D:4      | Reached XP level 7. HP: 68/68 MP: 6/6
  2563 | D:4      | Found a staircase to the Ecumenical Temple.
  2748 | D:4      | Reached * piety under Wu Jian
  3146 | D:5      | Entered Level 5 of the Dungeon
  3397 | D:5      | Slain by a water moccasin

Illustrated notes

Levels and vault maps discovered:
D:1:      tarquinn_simple_flora_water_f, layout_basic,
          shapermc_ecumenical_altar_venn
D:2:      layout_basic, minmay_rat_hole
D:3:      layout_rooms, mainiacjoe_overflow_six_doors_small,
          nzn_wu_jian_council_hall, uniq_sigmund, uniq_crazy_yiuf_cottage
D:4:      layout_basic, minmay_temple_entry_glassed_door
D:5:      kennysheep_windowed_halls, layout_basic, roderic_lattice_a,
          st_stairs_4, uniq_edmund

Skill      XL: |  1  2  3  4  5  6  7 |
---------------+----------------------+-----
Shields        | 3 4 |  4.9
Dodging        | 3 4 |  4.7
Fighting       | 3 4 |  4.3
Throwing       | 2 3 |  3.2
Unarmed Combat | |  2.0

Action                   |  1- 3 |  4- 6 |  7- 9 || total
-------------------------+-------+-------+-------++-------
Melee: Unarmed           |    27 |       |       ||    27
       Short sword       |    66 |   196 |    85 ||   347
       Giant spiked club |       |       |    12 ||    12
Throw: Dart              |       |     4 |       ||     4
Invok: Lunge             |       |     3 |     3 ||     6
  Use: Potion            |       |       |     2 ||     2
Armor: Robe              |    51 |    90 |    33 ||   174
Dodge: Dodged            |    40 |    73 |    42 ||   155
Block: Kite shield       |    52 |    60 |    26 ||   138

Table legend: (Time is in decaauts)
 A = Elapsed time spent in this place.
 B = Non-inter-level travel time spent in this place.
 C = Inter-level travel time spent in this place.
 D = Time resting spent in this place.
 E = Time spent auto-exploring this place.
 F = Levels seen in this place.
 G = Mean time per level.
                   A        B        C        D        E       F      G
               +--------+--------+--------+--------+--------+-----+--------+
         Total |   3485 |   3433 |     52 |      0 |   2102 |   5 |  697.0 |
       Dungeon |   3485 |   3433 |     52 |      0 |   2102 |   5 |  697.0 |
               +--------+--------+--------+--------+--------+-----+--------+

Top non-repeatable levels by time:
     D:2: 983 daAuts
     D:4: 918 daAuts
     D:3: 745 daAuts
     D:1: 574 daAuts
     D:5: 264 daAuts
